 Dungeon Crawl Stone Soup version 0.23.2-1-ga50397a6bc (webtiles) character file.

Game seed: 18316118471101856157

1716 Hanswurst the Cleaver (level 9, -7/75 HPs)
             Began as a Hill Orc Warper on May 17, 2019.
             Killed by divine providence
             ... invoked by an orc priest
              (12 damage)
             ... on level 8 of the Dungeon.
             The game lasted 01:23:36 (10455 turns).

Hanswurst the Cleaver (Hill Orc Warper)            Turns: 10455, Time: 01:23:36

Health: -7/75      AC: 15    Str: 17    XL:     9   Next: 4%
Magic:  11/11      EV:  8    Int: 13    God:
Gold:   331        SH:  4    Dex: 10    Spells: 9/11 levels left

rFire    . . .     SeeInvis .   a - +0 hand axe
rCold    . . .     Gourm    .   H - +0 buckler
rNeg     . . .     Faith    .   G - +0 chain mail
rPois    +         Spirit   .   m - +0 helmet
rElec    .         Reflect  .   y - +1 cloak
rCorr    .         Harm     .   (no gloves)
MR       .....                  U - +0 pair of boots
Stlth    ..........             (no amulet)
HPRegen  0.22/turn              r - ring of poison resistance
MPRegen  0.12/turn              (no ring)

@: very slightly contaminated
A: no striking features
a: Convert to Beogh


You were on level 8 of the Dungeon.
You were not hungry.

You visited 2 branches of the dungeon, and saw 9 of its levels.

You collected 331 gold pieces.

Inventory:

Hand Weapons
 a - a +0 hand axe (weapon)
 l - a +0 spear
 w - a +0 blowgun
 C - a +2 dagger of flaming
 E - a +2 falchion of freezing
 P - a +0 falchion of electrocution
 V - a +0 war axe
Missiles
 e - a tomahawk of dispersal (quivered)
 q - 33 poisoned needles
 K - 2 tomahawks
Armour
 b - a +0 leather armour
 i - a +3 leather armour
 k - a +0 ring mail
 m - a +0 helmet (worn)
 n - a +0 scale mail
 y - a +1 cloak (worn)
 G - a +0 chain mail (worn)
 H - a +0 buckler (worn)
 J - a +0 scale mail
 U - a +0 pair of boots (worn)
Magical Staves
 I - an uncursed staff of power {unknown}
Jewellery
 r - a ring of poison resistance (left hand)
 B - an uncursed ring of teleportation
Wands
 c - a wand of digging (2)
 A - a wand of polymorph (1)
 M - a wand of paralysis (15)
 W - a wand of flame (20)
Scrolls
 g - a scroll of teleportation
 h - 3 scrolls of magic mapping
 j - 3 scrolls of amnesia
 o - a scroll of random uselessness {unknown}
 D - a scroll of identify
 L - a scroll of enchant weapon {unknown}
 O - 2 scrolls of fear {unknown}
 R - a scroll of fog {unknown}
Potions
 s - a potion of cancellation {unknown}
 t - a potion of mutation {unknown}
 u - a potion of flight {unknown}
 v - 2 potions of lignification {unknown}
 z - a potion of haste {unknown}
 F - a potion of berserk rage {unknown}
 N - a potion of agility
 Q - a potion of brilliance {unknown}
 T - a potion of degeneration {unknown}
Comestibles
 f - 12 rations


   Skills:
 + Level 6.2 Fighting
 + Level 8.8(8.9) Axes
 - Level 0.3(4.5) Polearms
 + Level 1.1 Throwing
 + Level 6.3 Armour
 + Level 3.4 Dodging
 + Level 1.7 Stealth
 + Level 2.3 Shields
 + Level 1.6 Spellcasting
 + Level 2.4 Translocations


You had 9 spell levels left.
You knew the following spells:

 Your Spells              Type           Power        Failure   Level  Hunger
a - Blink                 Tloc           N/A          91%         2    ###....

Your spell library contained the following spells:

 Spells                   Type           Power        Failure   Level  Hunger
 Magic Dart               Conj           #...         98%         1    ##.....
 Shroud of Golubria       Chrm/Tloc      #.........   98%         2    ###....
 Call Imp                 Summ           #.......     99%         2    ###....
 Searing Ray              Conj           #.....       99%         2    ###....
 Slow                     Hex            #.......     99%         2    ###....
 Gell's Gravitas          Tloc           #.........   99%         3    ####...
 Lesser Beckoning         Tloc           #.........   99%         3    ####...
 Teleport Other           Tloc           #.......     99%         3    ####...
 Conjure Flame            Conj/Fire      #.......     100%        3    ####...
 Dazzling Spray           Conj/Hex       #.....       100%        3    ####...
 Mephitic Cloud           Conj/Pois/Air  #.......     100%        3    ####...
 Force Lance              Conj/Tloc      #.......     100%        4    #####..
 Fulminant Prism          Conj/Hex       #.........   100%        4    #####..
 Iskenderun's Mystic Bla  Conj           #.......     100%        4    #####..
 Passage of Golubria      Tloc           N/A          100%        4    #####..


Dungeon Overview and Level Annotations

Branches:
Dungeon (8/15)             Temple (1/1) D:6
   Lair: D:8-11

Altars:
Ashenzari
Dithmenos
Gozag
Hepliaklqana
Makhleb
Nemelex Xobeh
Sif Muna
Trog
Uskayaw
Vehumet
Wu Jian
Xom
Yredelemnul
Zin
The Shining One

Annotations:
D:5 Ogre!


Message History

The centaur hits you but does no damage.
You block the orc warrior's attack. The orc hits you but does no damage. x2
You slash the orc warrior!
The orc warrior is moderately wounded.
You hit the centaur.
Your chain mail prevents you from hitting the orc.
You hit the orc priest.
The orc priest shouts, "Beogh is our master!
Accept the truth or die!"
You hit the orc but do no damage.
The orc priest hits you but does no damage.
You block the centaur's attack.
The orc warrior hits you with a +0 trident.
* * * LOW HITPOINT WARNING * * *
Blink to where?
Press: ? - help, Dir - move target cursor You are very lightly contaminated with residual magic.
As you read the scroll of blinking, it crumbles to dust.
The orc priest invokes the aid of Beogh against you.
Beogh smites you!
You die...

..# ..# ######
..# #....# ..# .
#....# ..#
..##....# ..#
......# ###
#....#
#...##....#
#........@#
#...##....#
##...##....#
....##....# ###
#.........#
#...##.ooc.....#
.......o.#######
.......(o#
##########


You could see a centaur, an orc priest and 2 orcs.

Vanquished Creatures
  A sky beast (D:6)
  An ice beast (D:6)
  A phantom (D:7)
  A black bear (D:7)
  An ogre (D:7)
  2 bullfrogs
  4 scorpions
  4 killer bees
  A howler monkey (D:5)
  2 crimson imps
  A bullfrog zombie (D:2)
  6 orc wizards
  An orc priest (D:7)
  3 iguanas
  Jessica (D:3)
  Ijyb (D:2)
  Terence (D:3)
  3 worker ants
  A hound skeleton (D:7)
  Robin (D:3)
  A gnoll (D:1)
  2 adders
  3 shadow imps
  An ooze (D:5)
  An adder skeleton (D:5)
  3 worms
  6 dart slugs
  6 leopard geckos
  16 orcs
  A ball python (D:1)
  3 giant cockroaches
  11 goblins
  13 hobgoblins
  6 jackals
  7 kobolds
  7 quokkas
  A ball python skeleton (D:4)
  3 bats
  3 frilled lizards
  A giant cockroach zombie (D:5)
  A jackal skeleton (D:4)
  A jackal zombie (D:5)
  8 rats
142 creatures vanquished.

Notes
Turn   | Place    | Note
-------+----------+-------------------------------------------
     0 | D:1      | Hanswurst the Hill Orc Warper began the quest for the Orb.
     0 | D:1      | Reached XP level 1. HP: 18/18 MP: 3/3
    42 | D:1      | Reached XP level 2. HP: 18/25 MP: 4/4
   141 | D:1      | Reached skill level 3 in Axes
   635 | D:1      | Reached XP level 3. HP: 29/31 MP: 5/5
  1984 | D:2      | Reached XP level 4. HP: 27/38 MP: 6/6
  3000 | D:3      | Found a shadowy altar of Dithmenos.
  3000 | D:3      | Noticed Terence
  3051 | D:3      | Noticed Ijyb
  3197 | D:2      | Killed Ijyb
  3197 | D:2      | Reached XP level 5. HP: 38/46 MP: 7/7
  3232 | D:3      | Noticed Robin
  3347 | D:3      | Found a glowing silver altar of Zin.
  3364 | D:3      | Learned a level 2 spell: Blink
  3504 | D:3      | Killed Robin
  3796 | D:3      | Noticed Jessica
  3892 | D:3      | Killed Jessica
  4150 | D:3      | Killed Terence
  4175 | D:3      | Found a hide-covered altar of Uskayaw.
  4182 | D:3      | Found a basalt altar of Yredelemnul.
  4184 | D:3      | Found a radiant altar of Vehumet.
  4185 | D:3      | Found a bloodstained altar of Trog.
  4372 | D:3      | Found a sparkling altar of Nemelex Xobeh.
  4683 | D:4      | Found a burning altar of Makhleb.
  4840 | D:3      | Reached XP level 6. HP: 33/52 MP: 8/8
  5652 | D:4      | Reached skill level 4 in Axes
  6003 | D:5      | Entered Level 5 of the Dungeon
  6264 | D:5      | Reached skill level 5 in Axes
  6264 | D:5      | Reached XP level 7. HP: 55/60 MP: 9/9
  6888 | D:5      | Found a deep blue altar of Sif Muna.
  7049 | D:5      | Reached skill level 6 in Axes
  7080 | D:5      | Reached skill level 1 in Shields
  7528 | D:6      | Reached skill level 5 in Armour
  7566 | D:6      | Found a staircase to the Ecumenical Temple.
  7893 | D:6      | Reached skill level 5 in Fighting
  7893 | D:6      | Reached XP level 8. HP: 60/68 MP: 10/10
  8036 | D:6      | Reached skill level 7 in Axes
  8349 | Temple   | Entered the Ecumenical Temple
  8716 | D:7      | Reached skill level 1 in Throwing
  8744 | D:7      | Noticed a hippogriff
  9180 | D:7      | Noticed a troll
  9337 | D:7      | Reached skill level 1 in Stealth
  9606 | D:7      | Reached skill level 8 in Axes
 10376 | D:8      | Reached XP level 9. HP: 50/75 MP: 11/11
 10455 | D:8      | Killed from afar by an orc priest

Skill      XL: |  1  2  3  4  5  6  7  8 |
---------------+-------------------------+-----
Axes           | 3 5 6 8 |  8.8
Dodging        | 2 3 |  3.4
Fighting       | 3 4 5 6 |  6.2
Armour         | 2 3 4 5 6 |  6.3
Shields        | 1 2 |  2.3
Throwing       | 1 |  1.1
Stealth        | 1 |  1.7
Polearms       | |  0.3
Spellcasting   | |  1.6
Translocations | |  2.4

Action                   |  1- 3 |  4- 6 |  7- 9 || total
-------------------------+-------+-------+-------++-------
Melee: Hand axe          |    64 |   155 |   433 ||   652
       Spear             |    87 |   362 |       ||   449
       Unarmed           |       |     2 |       ||     2
       War axe           |       |       |    37 ||    37
       Dagger            |       |       |    10 ||    10
Throw: Tomahawk          |       |     3 |     3 ||     6
Evoke: Wand              |       |       |     1 ||     1
  Use: Scroll            |     2 |     5 |     5 ||    12
       Potion            |       |     3 |     5 ||     8
 Stab: Paralysed         |       |       |     7 ||     7
  Eat: Chunk             |     3 |    15 |     7 ||    25
       Ration            |       |       |     2 ||     2
Armor: Leather armour    |    10 |       |       ||    10
       Ring mail         |    25 |    96 |       ||   121
       Chain mail        |       |    85 |   197 ||   282
       Scale mail        |       |    63 |   148 ||   211
       Skin              |       |     1 |       ||     1
Dodge: Dodged            |    81 |   295 |   188 ||   564
Block: Buckler           |       |    27 |    67 ||    94
